AAA EAST
ST. PAUL SAINTS @ FLORIDA FIRE FROGS
07/23/2041
 
TOP OF THE 1ST
St. Paul Saints batting - Pitching for Florida Fire Frogs : LHP Derek Graham
Pitching: LHP Derek Graham
Batting: SHB Víctor Martínez 0-0: Ball
1-0: Called Strike
1-1: Ball
2-1: Ground out U3 (Groundball, 3S, EV 84.4 MPH)
Batting: RHB Juan Juárez 0-0: Called Strike
0-1: Called Strike
0-2: Strikes out looking
Batting: SHB Ron Richards 0-0: Called Strike
0-1: Ball
1-1: Fly out, F7 (Flyball, 78D, EV 108.1 MPH)
Top of the 1st over - 0 runs, 0 hits, 0 errors, 0 left on base; St. Paul 0 - Florida 0
BOTTOM OF THE 1ST
Florida Fire Frogs batting - Pitching for St. Paul Saints : RHP Robbie Randall
Pitching: RHP Robbie Randall
Batting: RHB Alex Kaufman 0-0: Foul Ball, location: 3DF
0-1: DOUBLE (Line Drive, 78D, EV 102.5 MPH)
Batting: LHB Artie Wells 0-0: SINGLE (Line Drive, 78M, EV 103.8 MPH)
Alex Kaufman to third
Batting: LHB Juan Pimentero 0-0: Swinging Strike
0-1: Called Strike
0-2: Fly out, F8 (Flyball, 8LD, EV 98.1 MPH)
Runner from 3rd tags up, OUT at HOME! 8-2
Artie Wells to second
Batting: LHB Nicodemo Colonnese 0-0: Ball
1-0: Ball
2-0: Ball
3-0: Called Strike
3-1: Ground out 4-3 (Groundball, 4, EV 102.5 MPH)
Bottom of the 1st over - 0 runs, 2 hits, 0 errors, 1 left on base; St. Paul 0 - Florida 0
TOP OF THE 2ND
St. Paul Saints batting - Pitching for Florida Fire Frogs : LHP Derek Graham
Batting: LHB Joe McMahon 0-0: Called Strike
0-1: Ball
1-1: SINGLE (Flyball, 89S, EV 89.4 MPH)
Batting: RHB Mario Reyes 0-0: Called Strike
0-1: SINGLE (Line Drive, 4MD, EV 95.0 MPH)
Joe McMahon to second
Runner from 2nd tries for 3rd, SAFE, throw by CF made to third
Batting: LHB José Toledo 0-0: Ball
1-0: Called Strike
1-1: Ball
2-1: Grounds into double play, 4-6-3 (Groundball, 34, EV 86.3 MPH)
Joe McMahon scores
Batting: RHB Juan Quintana 0-0: Ball
1-0: Ball
2-0: Ball
3-0: Called Strike
3-1: Base on Balls
Batting: RHB Ángelo Sánchez 0-0: Ball
1-0: Foul Ball, location: 25F
1-1: Ball
2-1: Fielders Choice at 2nd, 6-4 (Groundball, 6, EV 110.0 MPH)
Top of the 2nd over - 1 run, 2 hits, 0 errors, 1 left on base; St. Paul 1 - Florida 0
BOTTOM OF THE 2ND
Florida Fire Frogs batting - Pitching for St. Paul Saints : RHP Robbie Randall
Batting: LHB Bernardo Guerrero 0-0: Called Strike
0-1: Swinging Strike
0-2: Ball
1-2: Ball
2-2: Ball
3-2: Strikes out looking
Batting: RHB Dan Murphy 0-0: Ball
1-0: Called Strike
1-1: Fly out, F4 (Popup, 4, EV 76.9 MPH)
Batting: RHB Jorge García 0-0: DOUBLE (Groundball, 5L, EV 101.3 MPH)
Batting: RHB Doug Wilkinson 0-0: Foul Ball, location: 3FF
0-1: Foul Ball, location: 2F
0-2: Fly out, F7 (Line Drive, 7, EV 92.5 MPH)
Bottom of the 2nd over - 0 runs, 1 hit, 0 errors, 1 left on base; St. Paul 1 - Florida 0
TOP OF THE 3RD
St. Paul Saints batting - Pitching for Florida Fire Frogs : LHP Derek Graham
Batting: LHB Jeremy Rossano 0-0: Ball
1-0: Called Strike
1-1: Called Strike
1-2: Strikes out swinging
Batting: SHB Víctor Martínez 0-0: SINGLE (Groundball, 3D, EV 100.0 MPH)
Batting: RHB Juan Juárez 0-0: Foul Ball, location: 9LSF
0-1: Called Strike
0-2: Ball
1-2: Ball
Víctor Martínez is caught stealing 2nd base 2-4
2-2: Foul Ball, location: 25FF
2-2: Ground out 5-3 (Groundball, 25, EV 88.1 MPH)
Top of the 3rd over - 0 runs, 1 hit, 0 errors, 0 left on base; St. Paul 1 - Florida 0
BOTTOM OF THE 3RD
Florida Fire Frogs batting - Pitching for St. Paul Saints : RHP Robbie Randall
Batting: RHB Ed Walker 0-0: Called Strike
0-1: Ball
1-1: Ball
2-1: Ball
3-1: Fly out, F8 (Flyball, 8RM, EV 97.5 MPH)
Batting: RHB Alex Kaufman 0-0: Ball
1-0: Foul Ball, location: 2F
1-1: Swinging Strike
1-2: Foul Ball, location: 5DF
1-2: Reached on error, E3 (Groundball, 34, EV 93.8 MPH)
Batting: LHB Artie Wells 0-0: Ball
1-0: Foul Ball, location: 9LSF
1-1: Ground out 4-3 (Groundball, 4, EV 105.6 MPH)
Alex Kaufman to third
Batting: LHB Juan Pimentero 0-0: Called Strike
0-1: Swinging Strike
0-2: Ground out 4-3 (Groundball, 4M, EV 86.3 MPH)
Bottom of the 3rd over - 0 runs, 0 hits, 1 error, 1 left on base; St. Paul 1 - Florida 0
TOP OF THE 4TH
St. Paul Saints batting - Pitching for Florida Fire Frogs : LHP Derek Graham
Batting: SHB Ron Richards 0-0: Called Strike
0-1: Foul Ball, location: 2F
0-2: Ball
1-2: Fly out, F8 (Flyball, 8RD, EV 86.9 MPH)
Batting: LHB Joe McMahon 0-0: Ball
1-0: Called Strike
1-1: Ball
2-1: Foul Ball, location: 7LDF
2-2: Fly out, F7 (Flyball, 7D, EV 104.4 MPH)
Batting: RHB Mario Reyes 0-0: Called Strike
0-1: Foul Ball, location: 2F
0-2: Ball
1-2: SINGLE (Groundball, 4MD, EV 103.8 MPH)
Batting: LHB José Toledo 0-0: Ball
1-0: Ball
2-0: 2-RUN HOME RUN (Flyball, 89XD, EV 111.3 MPH), Distance : 416 ft
Batting: RHB Juan Quintana 0-0: Called Strike
0-1: Ball
1-1: Ball
2-1: Foul Ball, location: 9LSF
2-2: Ball
3-2: Ground out 6-3 (Groundball, 6, EV 90.6 MPH)
Top of the 4th over - 2 runs, 2 hits, 0 errors, 0 left on base; St. Paul 3 - Florida 0
BOTTOM OF THE 4TH
Florida Fire Frogs batting - Pitching for St. Paul Saints : RHP Robbie Randall
Batting: LHB Nicodemo Colonnese 0-0: Fly out, F4 (Popup, 4MD, EV 60.0 MPH)
Batting: LHB Bernardo Guerrero 0-0: Swinging Strike
0-1: Ball
1-1: Foul Ball, location: 23F
1-2: Strikes out swinging
Batting: RHB Dan Murphy 0-0: Called Strike
0-1: Ball
1-1: Foul Ball, location: 25F
1-2: Foul Ball, location: 3SF
1-2: Ball
2-2: Fly out, F5 (Popup, 5S, EV 73.1 MPH)
Bottom of the 4th over - 0 runs, 0 hits, 0 errors, 0 left on base; St. Paul 3 - Florida 0
TOP OF THE 5TH
St. Paul Saints batting - Pitching for Florida Fire Frogs : LHP Derek Graham
Batting: RHB Ángelo Sánchez 0-0: Ball
1-0: Called Strike
1-1: Foul Ball, location: 9LMF
1-2: Strikes out swinging
Batting: LHB Jeremy Rossano 0-0: Ball
1-0: Ball
2-0: Called Strike
2-1: Swinging Strike
2-2: Ball
3-2: Foul Ball, location: 9LDF
3-2: Ground out 6-3 (Groundball, 6, EV 92.5 MPH)
Batting: SHB Víctor Martínez 0-0: Ball
1-0: Ball
2-0: Called Strike
2-1: DOUBLE (Flyball, 8LD, EV 93.1 MPH)
Batting: RHB Juan Juárez 0-0: Ball
1-0: Ball
2-0: DOUBLE (Groundball, 5L, EV 98.1 MPH)
Víctor Martínez scores
Batting: SHB Ron Richards 0-0: Ball
1-0: Foul Ball, location: 2F
1-1: SINGLE (Groundball, 3S, EV 71.3 MPH) (infield hit)
Juan Juárez to third
Batting: LHB Joe McMahon 0-0: Called Strike
0-1: Swinging Strike
0-2: Ball
1-2: Ball
2-2: Strikes out swinging
Top of the 5th over - 1 run, 3 hits, 0 errors, 2 left on base; St. Paul 4 - Florida 0
BOTTOM OF THE 5TH
Florida Fire Frogs batting - Pitching for St. Paul Saints : RHP Robbie Randall
Batting: RHB Jorge García 0-0: Ball
1-0: Ball
2-0: Ball
3-0: Swinging Strike
3-1: Base on Balls
Batting: RHB Doug Wilkinson 0-0: Ball
1-0: 2-RUN HOME RUN (Flyball, 9LD, EV 95.6 MPH), Distance : 364 ft
Batting: RHB Ed Walker 0-0: Ball
1-0: Ball
2-0: Foul Ball, location: 5SF
2-1: Ground out 6-3 (Groundball, 6, EV 83.8 MPH)
Batting: RHB Alex Kaufman 0-0: Foul Ball, location: 2F
0-1: Ball
1-1: Ball
2-1: Called Strike
2-2: Reached on error, E5 (Groundball, 56, EV 99.4 MPH)
Batting: LHB Artie Wells 0-0: Called Strike
0-1: Swinging Strike
0-2: Ball
1-2: Ball
2-2: DOUBLE (Flyball, 78XD, EV 100.6 MPH)
Alex Kaufman to third
Runner from 3rd tries for Home, SAFE, throw by CF to home
Batting: LHB Juan Pimentero 0-0: Ball
1-0: Swinging Strike
1-1: Called Strike
1-2: Strikes out swinging
Batting: LHB Nicodemo Colonnese 0-0: Called Strike
0-1: Called Strike
0-2: Foul Ball, location: 5F
0-2: Ball
1-2: Ball
2-2: Foul Ball, location: 9LSF
2-2: Ball
3-2: Base on Balls
Batting: LHB Bernardo Guerrero 0-0: Called Strike
0-1: Ball
1-1: Ball
2-1: Fly out, F9 (Flyball, 89S, EV 75.0 MPH)
Bottom of the 5th over - 3 runs, 2 hits, 1 error, 2 left on base; St. Paul 4 - Florida 3
TOP OF THE 6TH
St. Paul Saints batting - Pitching for Florida Fire Frogs : LHP Derek Graham
Batting: RHB Mario Reyes 0-0: Swinging Strike
0-1: Swinging Strike
0-2: Ball
1-2: Strikes out swinging
Batting: LHB José Toledo 0-0: Swinging Strike
0-1: Ball
1-1: Ball
2-1: Foul Ball, location: 9LMF
2-2: Ground out 1-3 (Groundball, P, EV 64.4 MPH)
Batting: RHB Juan Quintana 0-0: Foul Ball, location: 3FF
0-1: Ground out 4-3 (Groundball, 4, EV 109.4 MPH)
Top of the 6th over - 0 runs, 0 hits, 0 errors, 0 left on base; St. Paul 4 - Florida 3
BOTTOM OF THE 6TH
Florida Fire Frogs batting - Pitching for St. Paul Saints : RHP Robbie Randall
Batting: RHB Dan Murphy 0-0: Ball
1-0: Called Strike
1-1: DOUBLE (Line Drive, 89D, EV 101.3 MPH) - OUT at third base trying to stretch hit.
Batting: RHB Jorge García 0-0: Foul Ball, location: 5DF
0-1: Ball
1-1: Swinging Strike
1-2: Ground out 6-3 (Groundball, 6, EV 83.1 MPH)
Batting: RHB Doug Wilkinson 0-0: Called Strike
0-1: Ball
1-1: SINGLE (Line Drive, 78S, EV 85.0 MPH)
Batting: RHB Ed Walker 0-0: SINGLE (Groundball, 4D, EV 95.0 MPH)
Doug Wilkinson to second
Runner from 2nd tries for 3rd, SAFE, throw by CF made to third
Batting: RHB Alex Kaufman 0-0: Ground out 6-3 (Groundball, 6S, EV 79.4 MPH)
Bottom of the 6th over - 0 runs, 3 hits, 0 errors, 2 left on base; St. Paul 4 - Florida 3
TOP OF THE 7TH
St. Paul Saints batting - Pitching for Florida Fire Frogs : LHP Derek Graham
Batting: RHB Ángelo Sánchez 0-0: DOUBLE (Line Drive, 9LM, EV 96.9 MPH)
Batting: LHB Jeremy Rossano 0-0: Called Strike
0-1: Ball
1-1: Ball
2-1: Ground out 4-3 (Groundball, 4, EV 95.6 MPH)
Ángelo Sánchez to third
Pitching: RHP Freddy Rincón
Batting: SHB Víctor Martínez 0-0: Ball
1-0: Ball
2-0: Ball
3-0: Base on Balls
Batting: RHB Juan Juárez 0-0: Ground out 5-3 (Groundball, 6S, EV 63.8 MPH)
Víctor Martínez to second
Batting: SHB Ron Richards 0-0: Ball
1-0: Ball
2-0: Swinging Strike
2-1: Foul Ball, location: 7LMF
2-2: Strikes out swinging
Top of the 7th over - 0 runs, 1 hit, 0 errors, 2 left on base; St. Paul 4 - Florida 3
BOTTOM OF THE 7TH
Florida Fire Frogs batting - Pitching for St. Paul Saints : RHP Robbie Randall
Pitching: RHP Robby McGrath
Batting: LHB Artie Wells 0-0: Ground out 6-3 (Groundball, 56, EV 105.0 MPH)
Batting: LHB Juan Pimentero 0-0: Called Strike
0-1: Foul Ball, location: 2LF
0-2: Strikes out swinging
Batting: LHB Nicodemo Colonnese 0-0: Ball
1-0: Foul Ball, location: 7LDF
1-1: Called Strike
1-2: Foul Ball, location: 3F
1-2: Foul Ball, location: 2F
1-2: Ball
2-2: Foul Ball, location: 7LMF
2-2: Ball
3-2: SINGLE (Line Drive, 9S, EV 105.0 MPH)
Batting: LHB Bernardo Guerrero 0-0: Ball
Nicodemo Colonnese steals 2nd base
1-0: Called Strike
1-1: Called Strike
1-2: Strikes out looking
Bottom of the 7th over - 0 runs, 1 hit, 0 errors, 1 left on base; St. Paul 4 - Florida 3
TOP OF THE 8TH
St. Paul Saints batting - Pitching for Florida Fire Frogs : RHP Freddy Rincón
Batting: LHB Joe McMahon 0-0: Ball
1-0: Called Strike
1-1: Foul Ball, location: 7LDF
1-2: Ball
2-2: Fly out, F9 (Flyball, 9D, EV 91.3 MPH)
Batting: RHB Mario Reyes 0-0: Ball
1-0: Ball
2-0: Ball
3-0: Base on Balls
Batting: LHB José Toledo 0-0: Ball
1-0: Foul Ball, location: 2F
1-1: Swinging Strike
1-2: Ball
2-2: Ball
3-2: Grounds into double play, 3-6-1 (Groundball, 34, EV 85.0 MPH)
Top of the 8th over - 0 runs, 0 hits, 0 errors, 0 left on base; St. Paul 4 - Florida 3
BOTTOM OF THE 8TH
Florida Fire Frogs batting - Pitching for St. Paul Saints : RHP Robby McGrath
Now at 1B: Jeremy Rossano
Now in CF: Mario Román
Pinch Hitting: SHB Dave Williams 0-0: Foul Ball, location: 2F
0-1: Swinging Strike
0-2: Ball
1-2: Ball
2-2: Ground out U3 (Groundball, 3, EV 90.0 MPH)
Pinch Hitting: SHB Juan Arroyo 0-0: Called Strike
0-1: Ball
1-1: Ground out U3 (Groundball, 3, EV 108.1 MPH)
Batting: RHB Doug Wilkinson 0-0: Foul Ball, location: 23F
0-1: Ball
1-1: Ball
2-1: Swinging Strike
2-2: Strikes out swinging
Bottom of the 8th over - 0 runs, 0 hits, 0 errors, 0 left on base; St. Paul 4 - Florida 3
TOP OF THE 9TH
St. Paul Saints batting - Pitching for Florida Fire Frogs : RHP Freddy Rincón
Now at 2B: Juan Arroyo
Now at SS: Dave Williams
Batting: RHB Juan Quintana 0-0: Ball
1-0: Swinging Strike
1-1: Ball
2-1: Ball
3-1: Foul Ball, location: 2F
3-2: Base on Balls
Batting: RHB Ángelo Sánchez 0-0: Ball
1-0: Sac Bunt to P - play at second, runner OUT! 1-6
Batting: LHB Jeremy Rossano 0-0: Ball
Ángelo Sánchez steals 2nd base
1-0: Intentional Walk
Batting: SHB Víctor Martínez 0-0: Called Strike
0-1: Ball
1-1: Called Strike
1-2: Ball
2-2: Foul Ball, location: 2F
2-2: Fly out, F8 (Flyball, 8LD, EV 102.5 MPH)
Batting: LHB Mario Román 0-0: Called Strike
0-1: Ball
1-1: Ball
2-1: Fielders Choice at 2nd, 6-4 (Groundball, 6, EV 87.5 MPH)
Top of the 9th over - 0 runs, 0 hits, 0 errors, 2 left on base; St. Paul 4 - Florida 3
BOTTOM OF THE 9TH
Florida Fire Frogs batting - Pitching for St. Paul Saints : RHP Robby McGrath
Pitching: RHP Kamil Ashraf
Batting: RHB Ed Walker 0-0: Ball
1-0: Foul Ball, location: 2F
1-1: Ball
2-1: Ball
3-1: Base on Balls
Batting: RHB Alex Kaufman 0-0: Called Strike
0-1: Called Strike
0-2: Ball
1-2: Foul Ball, location: 5F
1-2: Ball
2-2: Grounds into double play, 4-6-3 (Groundball, 4, EV 83.1 MPH)
Batting: LHB Artie Wells 0-0: Ground out 6-3 (Groundball, 6, EV 81.9 MPH)
Bottom of the 9th over - 0 runs, 0 hits, 0 errors, 0 left on base; St. Paul 4 - Florida 3
Monday, April 1st , 2024 - OOTP Baseball 24.10 Build 82